 Dungeon Crawl Stone Soup version 0.19.0-11-g3fc08b3 (console) character file.

4888 lynn the Blocker (level 10, -7/85 HPs)
             Began as a Formicid Fighter on Nov 8, 2016.
             Mangled by Gastronok (23 damage)
             ... on level 8 of the Dungeon.
             The game lasted 00:07:51 (8711 turns).

lynn the Blocker (Formicid Fighter)                 Turns: 8711, Time: 00:07:51

Health: -7/85      AC: 12    Str: 26    XL:     10   Next: 79%
Magic:  10/10      EV:  7    Int:  8    God:
Gold:   124        SH: 14    Dex: 13    Spells: 0 memorised, 9 levels left

rFire  . . .     SeeInvis +     G - +0 battleaxe
rCold  + . .     Gourm    +     B - +0 plate armour
rNeg   . . .     Faith    .     c - +1 shield
rPois  +         Spirit   .     (helmet unavailable)
rElec  .         Reflect  .     (no cloak)
rCorr  .         Harm     .     (no gloves)
MR     +....                    p - +0 pair of boots
Stlth  ..........               u - amulet of the gourmand
                                s - ring of protection from cold
                                D - ring of poison resistance

@: mighty
A: permanent stasis, dig shafts and tunnels, four strong arms, antennae 3
a: Dig, Shaft Self


You were on level 8 of the Dungeon.
You were very full.

You visited 2 branches of the dungeon, and saw 10 of its levels.

You collected 559 gold pieces.
You spent 435 gold pieces at shops.

Inventory:

Hand Weapons
 a - a +0 war axe
 G - a +0 battleaxe (weapon)
Armour
 c - a +1 shield (worn)
 p - a +0 pair of boots (worn)
 B - a +0 plate armour (worn)
Jewellery
 m - an uncursed amulet of guardian spirit {unknown}
 s - a ring of protection from cold (right hand)
 u - an amulet of the gourmand (around neck)
 x - an uncursed amulet of regeneration {unknown}
 y - a +2 ring of dexterity
 A - an uncursed ring of fire
 D - a ring of poison resistance (left hand)
Wands
 H - a wand of lightning (5/15)
 M - a wand of confusion (15/48)
Scrolls
 b - a scroll of fear
 g - 3 scrolls of identify
 h - 3 scrolls of fog
 k - 2 scrolls of noise {unknown}
 l - 2 scrolls of magic mapping
 n - a scroll of amnesia
 o - 5 scrolls of enchant armour
 q - 2 scrolls of remove curse
 F - a scroll of blinking {unknown}
Potions
 d - 2 potions of might
 e - a potion of invisibility {unknown}
 i - 3 potions of curing
 r - a potion of haste {unknown}
 t - 4 potions of lignification
 v - a potion of brilliance {unknown}
 z - a potion of agility
 C - a potion of cure mutation {unknown}
 J - a potion of flight {unknown}
 K - 2 potions of heal wounds
 L - a potion of cancellation
Comestibles
 f - 5 bread rations
 j - 6 meat rations
 w - 2 beef jerkies
 E - 4 fruits


   Skills:
 + Level 10.2 Fighting
 + Level 9.0 Axes
 - Level 3.2 Armour
 + Level 11.0 Shields


You had 9 spell levels left.
You didn't know any spells.

Dungeon Overview and Level Annotations

Branches:
Dungeon (9/15)             Temple (1/1) D:4
   Lair: D:8-11         Orc: D:9-12

Altars:
Ashenzari
Cheibriados
Dithmenos
Elyvilon
Fedhas
Gozag
Hepliaklqana
Kikubaaqudgha
Makhleb
Nemelex Xobeh
Qazlal
Ru
Sif Muna
Uskayaw
Vehumet
Xom
Yredelemnul
Zin
The Shining One

Shops:
D:8 [!*

Annotations:
D:3 Grinder, Natasha
D:7 1 runed door
D:8 Gastronok


Innate Abilities, Weirdness & Mutations

You are under a permanent stasis effect.
You can dig through walls and to a lower floor.
Your four strong arms can wield two-handed weapons with a shield.
You have a pair of large antennae on your head. (SInv)


Message History

Gastronok is severely wounded.
You slice Gastronok!!
Gastronok is severely wounded.
Gastronok casts a spell.
You completely miss Gastronok.
Gastronok is severely wounded.
You slice the bat!!
You kill the bat!
The bat's corpse disappears in a puff of smoke!
Gastronok casts a spell.
Gastronok puts on a burst of speed!
You hit Gastronok.
Gastronok is almost dead.
You slash the rat!
You kill the rat!
The rat's corpse disappears in a puff of smoke!
You slash Gastronok!
Gastronok is almost dead.
Gastronok bites you!!
You die...

#..∩.............#
#.P.P............####
#...........###......
###.........#........
#.........#........
#.........#........
#.........#.....<..
##†......##........
###@§....###........
###..w###[###########.
#####...### #)()#### #.
#.....### #...(..# ##.
######.######### #.####(#####..
#......# #....# #.# #........
#.###### #....###.# ###..###.
#...#######....#...# #..###.
###.......#........######..#..[


You could see Gastronok.

Vanquished Creatures
  Psyche (D:8)
  A two-headed ogre (D:9)
  A hippogriff (D:8)
  4 yaks
  Grum (D:7)
  Menkaure (D:6)
  2 orc warriors
  3 phantoms
  4 wolves (D:7)
  3 centaurs
  3 ogres
  A crocodile (D:9)
  A big kobold (D:8)
  4 bullfrogs
  5 scorpions
  A water moccasin skeleton (D:7)
  3 killer bees (D:8)
  4 wights (D:6)
  6 howler monkeys
  2 crimson imps (D:7)
  6 orc wizards
  3 jellies
  2 orc priests
  5 hounds
  2 bullfrog skeletons
  Jessica (D:2)
  4 worker ants
  A hound skeleton (D:7)
  12 adders
  A howler monkey skeleton (D:5)
  A shadow imp (D:9)
  An ooze (D:1)
  An adder zombie (D:9)
  2 adder skeletons
  A worm (D:2)
  2 dart slugs (D:4)
  6 leopard geckos
  21 orcs
  4 giant cockroaches
  6 goblins
  3 hobgoblins (D:2)
  10 jackals
  4 quokkas
  5 bats
  6 frilled lizards
  11 kobolds
  A leopard gecko skeleton (D:4)
  A leopard gecko zombie (D:8)
  7 rats
181 creatures vanquished.

Notes
Turn   | Place    | Note
-------+----------+-------------------------------------------
     0 | D:1      | lynn the Formicid Fighter began the quest for the Orb.
     0 | D:1      | Reached XP level 1. HP: 18/18 MP: 1/1
   134 | D:1      | Reached XP level 2. HP: 21/24 MP: 2/2
   297 | D:1      | Reached skill level 4 in Shields
   707 | D:1      | Reached XP level 3. HP: 27/29 MP: 3/3
   997 | D:2      | Noticed Jessica
   999 | D:2      | Killed Jessica
   999 | D:2      | Reached XP level 4. HP: 37/37 MP: 4/4
  1210 | D:2      | Found a hazy altar of Hepliaklqana.
  1669 | D:3      | Reached XP level 5. HP: 42/42 MP: 5/5
  1674 | D:3      | Reached skill level 5 in Shields
  1757 | D:3      | Found a hide-covered altar of Uskayaw.
  1760 | D:3      | Found a basalt altar of Yredelemnul.
  1766 | D:3      | Found a shattered altar of Ashenzari.
  1890 | D:3      | Noticed Grinder
  1890 | D:3      | Noticed Natasha
  2315 | D:4      | Noticed a phantom
  2317 | D:4      | Found a staircase to the Ecumenical Temple.
  2344 | Temple   | Entered the Ecumenical Temple
  2574 | D:4      | Killed a phantom
  2574 | D:4      | Reached skill level 5 in Fighting
  2574 | D:4      | Reached XP level 6. HP: 31/51 MP: 6/6
  2658 | D:4      | Noticed an ogre
  2663 | D:4      | Killed an ogre
  2836 | D:4      | Reached XP level 7. HP: 39/56 MP: 7/7
  2959 | D:4      | Reached skill level 6 in Shields
  3122 | D:5      | Entered Level 5 of the Dungeon
  3182 | D:5      | Found a stormy altar of Qazlal.
  3469 | D:5      | You fall through a shaft for 2 floors!
  3829 | D:5      | Found a deep blue altar of Sif Muna.
  4246 | D:6      | Found a shadowy altar of Dithmenos.
  4250 | D:5      | Reached XP level 8. HP: 19/64 MP: 8/8
  4587 | D:6      | Reached skill level 5 in Axes
  4587 | D:6      | Reached skill level 7 in Shields
  5565 | D:6      | Noticed Menkaure
  5570 | D:6      | Killed Menkaure
  5628 | D:7      | Reached skill level 8 in Shields
  5816 | D:7      | Found a runed door.
  5829 | D:7      | Reached XP level 9. HP: 62/72 MP: 9/9
  5849 | D:7      | Noticed a sixfirhy
  6491 | D:7      | Reached skill level 9 in Shields
  6539 | D:7      | Found a glowing silver altar of Zin.
  6696 | D:8      | Noticed a hippogriff
  6705 | D:8      | Killed a hippogriff
  6760 | D:8      | Found Daoff's General Store.
  6763 | D:8      | Bought a +0 battleaxe for 71 gold pieces
  6821 | D:8      | Noticed Psyche
  6831 | D:8      | Killed Psyche
  6882 | D:8      | Reached XP level 10. HP: 69/83 MP: 10/10
  7004 | D:8      | Found Hasos's Antique Armour Emporium.
  7071 | D:8      | Noticed Grum
  7095 | D:7      | Reached skill level 10 in Shields
  7401 | D:7      | Killed Grum
  7727 | D:8      | Found Rogg's Distillery.
  7738 | D:8      | Bought a potion of heal wounds for 65 gold pieces
  7738 | D:8      | Bought a potion of heal wounds for 65 gold pieces
  7738 | D:8      | Bought 2 potions of lignification for 78 gold pieces
  7738 | D:8      | Bought a potion of might for 52 gold pieces
  7738 | D:8      | Bought a potion of cancellation for 104 gold pieces
  8242 | D:9      | Reached skill level 10 in Fighting
  8249 | D:9      | Noticed Gastronok
  8706 | D:8      | Reached skill level 11 in Shields
  8711 | D:8      | Mangled by Gastronok

Skill      XL: |  1  2  3  4  5  6  7  8  9 10 |
---------------+-------------------------------+-----
Shields        | 4 5 6 8 9 11 | 11.0
Fighting       | 4 5 6 7 9 10 | 10.2
Axes           | 3 4 6 7 9 |  9.0
Armour         | |  3.2

Action                   |  1- 3 |  4- 6 |  7- 9 | 10-12 || total
-------------------------+-------+-------+-------+-------++-------
Melee: War axe           |    72 |   163 |   334 |       ||   569
       Battleaxe         |       |       |    37 |   202 ||   239
  Use: Scroll            |       |       |    13 |       ||    13
       Potion            |       |       |     1 |     3 ||     4
  Eat: Chunk             |       |     7 |    23 |     6 ||    36
Armor: Scale mail        |    30 |    52 |    32 |       ||   114
       Ring mail         |       |       |    41 |       ||    41
       Plate armour      |       |       |    61 |   107 ||   168
Dodge: Dodged            |    43 |    61 |   124 |    58 ||   286
Block: Shield            |    38 |    88 |   255 |   183 ||   564

Vault maps used:
D:1:      saegor_arrival_simple_b
D:2:      lemuel_round_altar, uniq_jessica
D:3:      overflow_temple_1_default, yredelemnul_altar_generic,
          nicolae_overflow_hidden_temple, chequers_temple_overflow_minitemple,
          ashenzari_altar_1, uniq_grinder, uniq_natasha
D:4:      minmay_opposing_rooms, first_bread
D:5:      grunt_qazlal_clouds, kennysheep_mini, grunt_decor_clamped
D:6:      grunt_dithmenos_smoke_and_mirrors, portal_sewer_entry_e, uniq_menkaure
D:7:      cheibrodos_shockbox, kennysheep_little_box
D:8:      serial_shops, kennysheep_mini_moat, shop,
          nicolae_shop_overgrown_old_shop, uniq_psyche, uniq_grum
D:9:      uniq_gastronok
Temple:   minmay_temple_bridge_abc
